 Dungeon Crawl Stone Soup version 0.30-a0-475-g03497ec522 (webtiles) character file.

Game seed: 10524046984793766931

1115 bmack86 the Cleaver (level 8, -3/70 HPs)
             Began as a Minotaur Fighter on Dec 21, 2022.
             Killed from afar by an electric eel (6 damage)
             ... with a bolt of electricity
             ... on level 5 of the Dungeon.
             The game lasted 00:11:54 (3566 turns).

bmack86 the Cleaver (Minotaur Fighter)              Turns: 3566, Time: 00:11:54

Health: -3/70      AC: 14    Str: 26    XL:     8   Next: 12%
Magic:  7/7        EV: 12    Int: 11    God:
Gold:   290        SH:  4    Dex: 10    Spells: 7/7 levels left

rFire   . . .      SeeInvis .    a - +1 war axe
rCold   . . .      Faith    .    c - +0 buckler
rNeg    . . .      Spirit   .    s - +1 chain mail
rPois   .          Reflect  .    (helmet restricted)
rElec   .          Harm     .    k - +0 cloak
rCorr   .          Rampage  .    (no gloves)
Will    .....                    q - +1 pair of boots of the Sparrow {Str+3 Int+6}
Stlth   ..........               (no amulet)
HPRegen 0.31/turn                r - +4 ring of evasion
MPRegen 0.10/turn                o - +4 ring of slaying

@: no status effects
A: horns 2, retaliatory headbutt
a: no special abilities


You were on level 5 of the Dungeon.
You visited 1 branch of the dungeon, and saw 5 of its levels.

You collected 290 gold pieces.

Inventory:

Hand Weapons
 a - a +1 war axe (weapon)
Missiles
 h - 4 poisoned darts (quivered)
Armour
 c - a +0 buckler (worn)
 k - a +0 cloak (worn)
 q - the +1 pair of boots of the Sparrow (worn) {Str+3 Int+6}
   (You found it on level 3 of the Dungeon)

   Str:       It affects your strength (+3).
   Int:       It affects your intelligence (+6).
 s - a +1 chain mail (worn)
 z - a +0 plate armour
Jewellery
 g - a ring of wizardry
 o - a +4 ring of slaying (right hand)
 r - a +4 ring of evasion (left hand)
 u - a ring of ice
 A - a +6 ring of intelligence
Wands
 b - a wand of charming (24)
 y - a wand of polymorph (11)
Scrolls
 j - a scroll of amnesia
 w - a scroll of noise
Potions
 d - a potion of might
 e - a potion of cancellation {unknown}
 f - 6 potions of brilliance
 i - a potion of lignification {unknown}
 l - 3 potions of curing
 m - a potion of flight {unknown}
 n - 2 potions of magic {unknown}
 p - a potion of mutation {unknown}
 v - a potion of attraction {unknown}
 B - a potion of heal wounds {unknown}


   Skills:
 + Level 6.2 Fighting
 + Level 8.0 Axes
 + Level 6.4 Armour
 + Level 1.9 Dodging
 + Level 1.0 Stealth
 + Level 4.8 Shields


You had 7 spell levels left.
You didn't know any spells.
Your spell library contained the following spells:

 Spells                   Type           Power      Damage    Failure   Level
 Ensorcelled Hibernation  Hex/Ice        0%         N/A       98%         2
 Passwall                 Tmut/Erth      0%         N/A       98%         2
 Ignite Poison            Fire/Tmut/Pois 0%         N/A       100%        3
 Kindle Blastsparks       Fire/Tloc/Air  0%         2d10      100%        3
 Swiftness                Air            0%         N/A       100%        3
 Freezing Cloud           Conj/Ice/Air   0%         6-21      100%        5


Dungeon Overview and Level Annotations

Branches:
Dungeon (5/15)
 Temple: D:4-7

Altars:
Makhleb
Nemelex Xobeh
Qazlal
Uskayaw
Xom
The Shining One


Innate Abilities, Weirdness & Mutations

You have a pair of horns on your head.
You reflexively headbutt those who attack you in melee.


Message History

Moving in this stuff is going to be slow.
You open the door.
The electric eel shoots out a bolt of lightning at you!
The bolt of electricity hits the plant.
The plant begins to die.
The bolt of electricity misses you.
The electric eel shoots out a bolt of lightning at you!
The bolt of electricity hits the plant.
The plant begins to die.
The bolt of electricity hits you!
The electric eel shoots out a bolt of lightning at you!
The bolt of electricity hits the plant!
The bolt of electricity hits you.
The electric eel shoots out a bolt of lightning at you!
The bolt of electricity hits the plant!
The bolt of electricity hits you.
There is an open door here.
The electric eel shoots out a bolt of lightning at you!
The bolt of electricity hits the electric eel.
The electric eel completely resists.
The bolt of electricity hits the plant.
The bolt of electricity hits you!
The electric eel shoots out a bolt of lightning at you!
The bolt of electricity hits the electric eel.
The electric eel completely resists.
The bolt of electricity hits the plant!
The bolt of electricity hits you.
The electric eel shoots out a bolt of lightning at you!
The bolt of electricity hits the plant!
The bolt of electricity hits you!
The electric eel shoots out a bolt of lightning at you!
The bolt of electricity hits the plant!
The bolt of electricity hits you.
* * * LOW HITPOINT WARNING * * *
The electric eel shoots out a bolt of lightning at you!
The bolt of electricity hits the plant!
The bolt of electricity hits you.
* * * LOW HITPOINT WARNING * * *
A nearby plant withers and dies. x2
The electric eel shoots out a bolt of lightning at you!
The bolt of electricity misses you.
You enter the shallow water.
Moving in this stuff is going to be slow.
The electric eel shoots out a bolt of lightning at you!
The bolt of electricity hits you!
* * * LOW HITPOINT WARNING * * *
The electric eel shoots out a bolt of lightning at you!
The bolt of electricity hits you.
You die...

#.#S≈.P.. ##.#
#.#S$$~.. #§ #.#
#~#S≈~PP. #~## #.#
#~##≈.?.. #§§# #.#
##~##########§## #.#
##~##≈?[P..#§§# #.#
#)#≈≈.~~..'#§# #.#
#.#≈.SS....#§# #.#
#.#≈≈.@~...#§# #.#
#.##≈S(P..##§# #.#
##~########§## #.#
##†~~~....## #.#
########### #.# #.#
#.###### #.# #.#
#......###.# #
#.#########.....######
#.....................


You could see 3 electric eels.

Vanquished Creatures
  Grinder (D:4)
  A black bear (D:5)
  A centaur (D:5)
  3 ogres (D:5)
  A necrophage (D:5)
  An orc priest (D:5)
  A gnoll bouda (D:5)
  A hound (D:5)
  A jelly (D:5)
  Jessica (D:2)
  An orc wizard (D:5)
  3 iguanas
  4 gnolls (D:5)
  7 adders
  An ufetubus (D:5)
  3 worms
  A dart slug (D:2)
  12 orcs
  7 ball pythons
  8 endoplasms
  2 giant cockroaches
  4 goblins
  4 hobgoblins
  6 jackals
  10 kobolds
  3 quokkas
  2 bats
  3 frilled lizards
  4 rats (D:1)
97 creatures vanquished.

Vanquished Creatures (others)
  2 plants (D:5)
2 creatures vanquished.

Grand Total: 99 creatures vanquished

Notes
Turn   | Place    | Note
-------+----------+-------------------------------------------
     0 | D:1      | bmack86 the Minotaur Fighter began the quest for the Orb.
     0 | D:1      | Reached XP level 1. HP: 19/19 MP: 0/0
   238 | D:1      | Reached XP level 2. HP: 24/27 MP: 1/1
   988 | D:2      | Reached XP level 3. HP: 33/33 MP: 2/2
  1240 | D:2      | Noticed Jessica
  1244 | D:2      | Killed Jessica
  1245 | D:2      | Reached skill level 1 in Dodging
  1245 | D:2      | Reached XP level 4. HP: 35/40 MP: 3/3
  1557 | D:3      | Identified the +1 pair of boots of the Sparrow {Str+3
                  | Int+6}
  1930 | D:3      | Reached skill level 5 in Armour
  2233 | D:4      | Reached skill level 3 in Axes
  2381 | D:4      | Reached XP level 5. HP: 47/47 MP: 4/4
  2394 | D:4      | Found a bloodstained altar of Trog.
  2396 | D:4      | Found a hide-covered altar of Uskayaw.
  2396 | D:4      | Found a sparkling altar of Nemelex Xobeh.
  2399 | D:4      | Found a sparkling altar of Nemelex Xobeh.
  2399 | D:4      | Found a burning altar of Makhleb.
  2399 | D:4      | Found a shimmering altar of Xom.
  2451 | D:4      | Reached skill level 4 in Axes
  2465 | D:4      | Noticed Grinder
  2474 | D:4      | Paralysed by Grinder for 2 turns
  2485 | D:4      | Paralysed by Grinder for 4 turns
  2490 | D:4      | Killed Grinder
  2491 | D:4      | Reached skill level 5 in Axes
  2491 | D:4      | Reached XP level 6. HP: 32/55 MP: 5/5
  2492 | D:4      | Found a glowing golden altar of the Shining One.
  2662 | D:4      | Reached skill level 5 in Fighting
  2669 | D:4      | Found a stormy altar of Qazlal.
  2825 | D:5      | Entered Level 5 of the Dungeon
  2854 | D:5      | Reached skill level 6 in Axes
  2854 | D:5      | Reached XP level 7. HP: 54/61 MP: 6/6
  3018 | D:5      | Reached skill level 1 in Stealth
  3080 | D:5      | Reached skill level 7 in Axes
  3442 | D:5      | Reached XP level 8. HP: 70/70 MP: 7/7
  3527 | D:5      | Reached skill level 8 in Axes
  3566 | D:5      | HP: 3/70 [electric eel/bolt of electricity (11)]
  3566 | D:5      | Killed from afar by an electric eel

Illustrated notes

Levels and vault maps discovered:
D:1:      dpeg_arrival_round_a, layout_basic
D:2:      layout_rooms, kennysheep_jessica_study, uniq_jessica
D:3:      layout_basic, serial_corexii_hall, chequers_hall_statues_corner_a,
          chequers_hall_statues_corner_a
D:4:      layout_cave_pools, doesnt_xom_only_xom, lemuel_crystal_altar,
          nicolae_qazlal_scattered_showers, uniq_grinder
D:5:      cheibrodos_two_vegetables, layout_loops_ring

Skill      XL: |  1  2  3  4  5  6  7  8 |
---------------+-------------------------+-----
Shields        | 4 |  4.8
Armour         | 4 5 6 |  6.4
Fighting       | 4 5 6 |  6.2
Dodging        | 1 |  1.9
Axes           | 3 5 6 7 8 |  8.0
Stealth        | 1 |  1.0

Action                   |  1- 3 |  4- 6 |  7- 9 || total
-------------------------+-------+-------+-------++-------
Melee: War axe           |    59 |    80 |    59 ||   198
       Headbutt          |     7 |    11 |    11 ||    29
  Use: Scroll            |     3 |     9 |     3 ||    15
Armor: Scale mail        |    23 |     5 |       ||    28
       Chain mail        |       |    38 |    18 ||    56
Dodge: Dodged            |    30 |    69 |    29 ||   128
Block: Buckler           |    20 |    17 |     7 ||    44

Table legend: (Time is in decaauts)
 A = Elapsed time spent in this place.
 B = Non-inter-level travel time spent in this place.
 C = Inter-level travel time spent in this place.
 D = Time resting spent in this place.
 E = Time spent auto-exploring this place.
 F = Levels seen in this place.
 G = Mean time per level.
                   A        B        C        D        E       F      G
               +--------+--------+--------+--------+--------+-----+--------+
         Total |   3635 |   3582 |     53 |      0 |   2424 |   5 |  727.0 |
       Dungeon |   3635 |   3582 |     53 |      0 |   2424 |   5 |  727.0 |
               +--------+--------+--------+--------+--------+-----+--------+

Top non-repeatable levels by time:
     D:1: 894 daAuts
     D:3: 782 daAuts
     D:5: 760 daAuts
     D:4: 612 daAuts
     D:2: 585 daAuts
